 Dungeon Crawl Stone Soup version 0.18.1-50-g88ac8fd (webtiles) character file.

20 RudyRod the Digger (level 2, 0/15 HPs)
             Began as a Gargoyle Earth Elementalist on Oct 11, 2016.
             Slain by a quokka (2 damage)
             ... on level 2 of the Dungeon.
             The game lasted 00:05:01 (859 turns).

RudyRod the Digger (Gargoyle Earth Elementalist)     Turns: 859, Time: 00:05:01

Health: 0/15       AC:  4    Str: 11    XL:     2   Next: 79%
Magic:  3/5        EV: 12    Int: 15    God:
Gold:   17         SH:  0    Dex: 10    Spells: 1 memorised, 4 levels left

rFire  . . .     SeeInvis .     f - +0 mace
rCold  . . .     Gourm    .     a - +0 robe
rNeg   + . .     Faith    .     (no shield)
rPois  ∞         Spirit   .     (no helmet)
rElec  +         Dismiss  .     (no cloak)
rCorr  .         Reflect  .     (no gloves)
SustAt .         Harm     .     (no boots)
MR     .....                    (no amulet)
Stlth  ++........               (no ring)
                                (no ring)

@: not resistant to hostile enchantments, unstealthy
A: negative energy resistance 1, electricity resistance, unbreathing,
petrification resistance, rot immunity, AC +2
a: no special abilities


You were on level 2 of the Dungeon.
You were not hungry.

You visited 1 branch of the dungeon, and saw 2 of its levels.

You collected 17 gold pieces.

Inventory:

Hand Weapons
 e - a +0 whip
 f - a +0 mace (weapon)
Missiles
 b - 43 stones (quivered)
Armour
 a - a +0 robe (worn)
Scrolls
 g - a scroll of noise {unknown}
 h - a scroll of recharging {unknown}
 i - a scroll of teleportation {unknown}
 k - a scroll of immolation {unknown}
 l - 2 scrolls of enchant weapon {unknown}
 m - 2 scrolls of fear {unknown}
Potions
 j - a potion of invisibility {unknown}
 n - a potion of might {unknown}
 o - a potion of agility {unknown}
Books
 c - a book of Geomancy

   Spells                             Type                      Level
   a - Sandblast                      Earth                        1
   b - Passwall                       Transmutation/Earth          2
   c - Stone Arrow                    Conjuration/Earth            3
   d - Petrify                        Transmutation/Earth          4
   e - Lee's Rapid Deconstruction     Earth                        5
Comestibles
 d - 2 bread rations


   Skills:
 + Level 0.2 Maces & Flails
 + Level 1.9 Dodging
 + Level 2.3 Stealth
 + Level 2.2 Spellcasting
   Level 0.7 Transmutations
 + Level 4.1 Earth Magic


You had 4 spell levels left.
You knew the following spells:

 Your Spells              Type           Power        Failure   Level  Hunger
a - Sandblast             Erth           ##....       4%          1    #......


Dungeon Overview and Level Annotations

Branches:
Dungeon (2/15)

Altars:
Vehumet


Innate Abilities, Weirdness & Mutations

You are resistant to torment.
Your stone body is resilient (AC +2).
You are immune to poison.
You resist negative energy.
You are resistant to electric shocks.
You can survive without breathing.
You are immune to petrification.
You are immune to rotting.


Message History

The quokka closely misses you. The quokka bites you.
You closely miss the quokka. The quokka bites you. x2
You barely miss the quokka. The quokka barely misses you.
Casting: Sandblast
Confirm with . or Enter, or press ? or * to list all spells.
Aiming: Sandblast
Press: ? - help, Shift-Dir - straight line, f - quokka
Aim: a quokka The blast of sand misses the quokka.
The quokka bites you. The giant gecko bites you.
* * * LOW HITPOINT WARNING * * *
Unknown command.
Casting: Sandblast
Confirm with . or Enter, or press ? or * to list all spells.
Aiming: Sandblast
Press: ? - help, Shift-Dir - straight line, f/p - quokka
Aim: a quokka The blast of sand misses the quokka.
The quokka barely misses you. The giant gecko misses you. The quokka bites you.
You die...

##.. ..
#..###.
#...#...#
#.... _.. #...
.. #..###.##
#l..#...#
#@r......
#.###.#.##
#.....#..
#####.#.# #
#.#.##.#
#......#
###.##########
#.##...<...#
#.##.#####..


You could see a giant gecko and a quokka.

Vanquished Creatures
  A giant gecko (D:1)
  A giant cockroach (D:1)
  2 goblins (D:1)
  5 hobgoblins (D:1)
  2 bats (D:1)
  2 giant newts (D:1)
  2 kobolds (D:1)
  2 rats (D:1)
17 creatures vanquished.

Notes
Turn   | Place    | Note
--------------------------------------------------------------
     0 | D:1      | RudyRod the Gargoyle Earth Elementalist began the quest for the Orb.
     0 | D:1      | Reached XP level 1. HP: 10/10 MP: 3/3
   287 | D:1      | Reached XP level 2. HP: 13/15 MP: 0/5
   463 | D:1      | Reached skill level 4 in Earth Magic
   847 | D:2      | Found a radiant altar of Vehumet.
   859 | D:2      | Slain by a quokka

Skill      XL: |  1  2 |
---------------+-------+-----
Earth Magic    | 4 |  4.1
Maces & Flails | |  0.2
Dodging        | |  1.9
Stealth        | |  2.3
Spellcasting   | |  2.2
Transmutations | |  0.7

Action                   || total
-------------------------++-------
Melee: Mace              ||    29
 Cast: Sandblast         ||    22
 Stab: Sleeping          ||     3
Armor: Robe              ||    13
Dodge: Dodged            ||    35
